 Dungeon Crawl Stone Soup version 0.31.0-12-g77e489cdc1 (webtiles) character file.

Game seed: 17138666161319476501

15385 cdecastro the Fighter (level 12, -3/116 HPs)
             Began as a Red Draconian Shapeshifter on Feb 14, 2024.
             Was a High Priest of Makhleb.
             Splashed by a brown ugly thing's acid (8 damage)
             ... on level 12 of the Dungeon on Feb 15, 2024.
             The game lasted 00:23:07 (10178 turns).

cdecastro the Fighter (Red Draconian Shapeshifter) Turns: 10178, Time: 00:23:07

Health: -3/116     AC: 12    Str: 19    XL:     12   Next: 0%
Magic:  12/12      EV: 16    Int: 10    God:    Makhleb [*****.]
Gold:   777        SH:  0    Dex: 14    Spells: 11/11 levels left

rFire   + +          .
                       - Unarmed
rCold   . . .        (shield currently unavailable)
rNeg    . . .        (body armour unavailable)
rPois   +            (helmet restricted)
rElec   .            B - +1 cloak {rPois}
rCorr   .            N - +0 pair of gloves
SInv    +            g - +0 pair of boots
Will    +....        n - amulet of regeneration
Stlth   +            y - ring of protection from fire
HPRegen 1.19/turn    M - ring of Esuqung {Will+ Slay+2 SInv}
MPRegen 0.13/turn

%: no passive effects
@: short of breath, flux-form, slowed, glowing, studying Staves, very slow
A: glow, contaminating, breathe fire, AC +8, unfitting armour, fire resistance
1, cold-blooded
a: Breathe Fire, Begin Untransformation, Renounce Religion, Minor Destruction,
Lesser Servant of Makhleb, Major Destruction, Greater Servant of Makhleb


You were on level 12 of the Dungeon.
You worshipped Makhleb.
Makhleb was extremely pleased with you.
You were something dangerously unstable.
You visited 2 branches of the dungeon, and saw 13 of its levels.
You also visited: Ossuary.

You collected 777 gold pieces.

Inventory:

Armour
 g - a +0 pair of boots (worn)
 B - a +1 cloak of poison resistance (worn)
 N - a +0 pair of gloves (worn)
Magical Staves
 R - a staff of alchemy
Jewellery
 l - an amulet of the acrobat
 n - an amulet of regeneration (around neck)
 r - a ring of fire
 y - a ring of protection from fire (left hand)
 F - an amulet of guardian spirit
 H - a +6 ring of intelligence
 M - the ring of Esuqung (right hand) {Will+ Slay+2 SInv}
   (You found it on level 8 of the Dungeon)

   [ring of willpower]

   Slay+2:    It affects your accuracy & damage with ranged weapons and melee
   (+2).
   Will+:     It increases your willpower.
   SInv:      It lets you see invisible.
 Q - an amulet of faith
Talismans
 b - a beast talisman
 c - a flux talisman (active)
 f - a blade talisman
Wands
 t - a wand of roots (19)
 E - a wand of mindburst (20)
 G - a wand of light (15)
Scrolls
 d - 9 scrolls of teleportation {unknown}
 e - 4 scrolls of immolation {unknown}
 h - 3 scrolls of vulnerability {unknown}
 j - 6 scrolls of enchant armour {unknown}
 m - 3 scrolls of fog {unknown}
 o - 3 scrolls of revelation {unknown}
 p - a scroll of torment {unknown}
 q - a scroll of amnesia {unknown}
 u - 8 scrolls of identify {unknown}
 v - 3 scrolls of poison
 w - 2 scrolls of enchant weapon {unknown}
 x - 3 scrolls of noise
 L - a scroll of silence {unknown}
Potions
 a - 2 potions of magic {unknown}
 i - 2 potions of cancellation {unknown}
 k - 7 potions of curing {unknown}
 s - 2 potions of resistance {unknown}
 z - 10 potions of degeneration
 A - 6 potions of mutation
 C - 2 potions of brilliance {unknown}
 D - a potion of lignification
 I - 2 potions of attraction {unknown}
 J - a potion of haste {unknown}
 K - a potion of ambrosia {unknown}
 O - a potion of enlightenment {unknown}
 P - a potion of might {unknown}


   Skills:
 * Level 13.7 Fighting
 - Level 1.7 Dodging
 - Level 10.4 Unarmed Combat
 + Level 11.0 Shapeshifting


You had 11 spell levels left.
You didn't know any spells.
Your spell library contained the following spells:

 Spells                   Type           Power      Damage    Failure   Level
 Apportation              Tloc           0%         N/A       36%         1
 Necrotise                Necr           0%         1d4       36%         1
 Sting                    Conj/Alch      0%         1d3       36%         1
 Summon Small Mammal      Summ           0%         N/A       36%         1
 Mercury Vapours          Alch/Air       0%         N/A       50%         2
 Mephitic Cloud           Conj/Alch/Air  0%         N/A       75%         3
 Ozocubu's Armour         Ice            0%         N/A       75%         3
 Summon Ice Beast         Ice/Summ       0%         N/A       75%         3
 Freezing Cloud           Conj/Ice/Air   0%         6-21      100%        5
 Metabolic Englaciation   Hex/Ice        0%         N/A       100%        5
 Summon Mana Viper        Hex/Summ       0%         N/A       100%        5
 Sculpt Simulacrum        Ice/Alch       0%         N/A       100%        6
 Monstrous Menagerie      Summ           0%         N/A       100%        7


Dungeon Overview and Level Annotations

Branches:
Dungeon (12/15)            Temple (1/1) D:5            Lair (0/5) D:10
    Orc (0/2) D:9         Ossuary (visited)

Altars:
Ashenzari
Cheibriados
Dithmenos
Elyvilon
Fedhas
Gozag
Hepliaklqana
Kikubaaqudgha
Makhleb
Nemelex Xobeh
Okawaru
Qazlal
Ru
Sif Muna
Trog
Uskayaw
Vehumet
Wu Jian
Xom
Yredelemnul
Zin
The Shining One

Shops:
D:8 *

Annotations:
D:9 3 runed translucent doors, exclusion: orange crystal statue, Findleman's ghost, novice MiFi
D:11 1 runed translucent door, jimmypageman's ghost, journeyman MiFi


Innate Abilities, Weirdness & Mutations

You are something dangerously unstable.
You glow with magical radiation, making you easy to see and hit.
Foes you strike become dangerously contaminated with magical radiation.
You are incapable of wielding weapons or throwing items.
You can breathe blasts of fire.
Your fiery red scales are hard. (AC +8)
You cannot fit into any form of body armour.
Your flesh is heat resistant. (rF+)
You are cold-blooded and may be slowed by cold attacks.


Message History

Makhleb accepts your kill.
You feel better.
The white ugly thing closely misses you.
You have reached level 12!
You feel stronger.
Your scales feel tougher.
You hit the white ugly thing but do no damage.
The white ugly thing glows dangerously bright.
The white ugly thing is moderately wounded.
The white ugly thing pecks you!
* * * LOW HITPOINT WARNING * * *
The white ugly thing freezes you!
* * * LOW HITPOINT WARNING * * *
You hit the white ugly thing but do no damage.
The white ugly thing shudders as magic cascades through it!
The white ugly thing basks in the mutagenic energy and changes!
You tail-slap the brown ugly thing.
The brown ugly thing is heavily wounded.
The brown ugly thing claws you!
* * * LOW HITPOINT WARNING * * *
You are splashed with acid!
* * * LOW HITPOINT WARNING * * *
You barely miss the brown ugly thing.
The brown ugly thing is heavily wounded.
The brown ugly thing closely misses you.
Unknown command.
You hit the brown ugly thing.
The brown ugly thing begins to glow.
Your tail-slap misses the brown ugly thing.
The brown ugly thing is severely wounded.
The brown ugly thing claws you!
* * * LOW HITPOINT WARNING * * *
You are splashed with acid!
* * * LOW HITPOINT WARNING * * *
You hit the brown ugly thing.
The brown ugly thing glows dangerously bright.
You tail-slap the brown ugly thing, but do no damage.
The brown ugly thing is severely wounded.
The brown ugly thing claws you.
* * * LOW HITPOINT WARNING * * *
You are splashed with acid!
You die...

#.##.# #.......## #u##.#
##.......## #.##.###.........#
#u##.#...........#
#................#
####.#..#........##
#.#..##........#
#u#.(###...##..# #.#
#p°.....#####..# #.# ###..##.#
#..# #.# #..##.# #..# #.#
#..##.# #.># #.# ####..##.#
#..# #.# ####...).##.#####..#
#.########..................##
#..........##.############...##
#.###########.............#.#.#


You could see a brown ugly thing (heavy contam).

Vanquished Creatures
  A centaur warrior (D:12)
  A boulder beetle (D:11)
  3 two-headed ogres
  Pikel (D:5)
  A cyclops (D:12)
  An ugly thing (D:11)
  2 komodo dragons
  4 trolls
  2 hornets
  Grinder (D:3)
  Prince Ribbit (D:5)
  3 centaur simulacra (D:12)
  A shadow (D:12)
  2 wyverns
  2 vampires
  12 yaks
  3 wraiths
  2 steam dragons
  9 vampire mosquitoes
  2 acid dragons (D:12)
  A water moccasin (D:7)
  An orc warrior (D:11)
  2 sky beasts (D:6)
  An ice beast (D:7)
  3 ogres
  6 centaurs
  3 lemures (D:5)
  4 phantoms
  A kobold brigand (D:9)
  2 bullfrogs
  5 scorpions
  2 gnoll sergeants
  6 wights
  2 burial acolytes (Ossuary)
  3 killer bees (D:10)
  A howler monkey (D:9)
  6 electric eels (D:10)
  A centaur zombie (Ossuary)
  A bombardier beetle (D:4)
  A gnoll bouda (D:6)
  8 hounds
  Crazy Yiuf (D:5)
  3 orc priests
  2 sleepcaps
  4 iguanas
  8 orc wizards
  3 mummies (Ossuary)
  17 gnolls
  4 adders
  A shadow imp (D:7)
  3 white imps
  4 dart slugs
  3 ribbon worms
  35 orcs
  6 endoplasms
  3 giant cockroaches
  2 gnoll zombies (Ossuary)
  5 goblins
  11 hobgoblins
  2 jackals (D:2)
  2 quokkas (D:2)
  9 ball pythons
  4 bats
  5 frilled lizards
  13 kobolds
  5 kobold zombies (Ossuary)
  10 rats
279 creatures vanquished.

Notes
Turn   | Place    | Note
-------+----------+-------------------------------------------
     0 | D:1      | cdecastro the Draconian Shapeshifter began the quest for
                  | the Orb.
     0 | D:1      | Reached XP level 1. HP: 16/16 MP: 1/1
    77 | D:1      | Found a faded altar of an unknown god.
   179 | D:1      | Reached XP level 2. HP: 15/23 MP: 2/2
   906 | D:1      | Prayed at the altar of an unknown god.
   906 | D:1      | Became a worshipper of Makhleb the Destroyer
   906 | D:1      | Reached * piety under Makhleb
   971 | D:2      | Reached XP level 3. HP: 28/28 MP: 3/3
  1040 | D:2      | You fall into a shaft and drop 2 floors!
  1052 | D:4      | Noticed a phantom
  1074 | D:4      | Killed a phantom
  1075 | D:4      | Reached XP level 4. HP: 29/35 MP: 4/4
  1116 | D:4      | Noticed a scorpion
  1292 | D:2      | Reached ** piety under Makhleb
  1587 | D:3      | Reached XP level 5. HP: 40/40 MP: 5/5
  1593 | D:3      | Reached skill level 5 in Unarmed Combat
  1597 | D:3      | Noticed Grinder
  1605 | D:3      | Paralysed by Grinder for 4 turns
  1615 | D:3      | Killed Grinder
  1616 | D:3      | Reached XP level 6. HP: 45/47 MP: 6/6
  2083 | D:5      | Entered Level 5 of the Dungeon
  2196 | D:4      | Found a glowing golden altar of the Shining One.
  2216 | D:4      | Your scales start taking on a fiery red colour.
  2216 | D:4      | Reached XP level 7. HP: 52/52 MP: 7/7
  2216 | D:4      | Gained mutation: Your flesh is heat resistant. (rF+) [Red
                  | Draconian growth]
  2250 | D:4      | Reached skill level 5 in Shapeshifting
  2846 | D:5      | Reached *** piety under Makhleb
  2991 | D:5      | Reached XP level 8. HP: 59/59 MP: 8/8
  3002 | D:5      | Noticed Pikel
  3010 | D:5      | Killed Pikel
  3133 | D:5      | Found a snail-covered altar of Cheibriados.
  3252 | D:5      | Noticed Prince Ribbit
  3269 | D:5      | Killed Prince Ribbit
  3396 | D:5      | Reached skill level 10 in Unarmed Combat
  3508 | D:5      | Found a staircase to the Ecumenical Temple.
  3551 | D:5      | Found a runed translucent door.
  3552 | D:5      | Noticed Crazy Yiuf
  3683 | Temple   | Entered the Ecumenical Temple
  3848 | D:5      | Killed Crazy Yiuf
  3928 | D:6      | Reached XP level 9. HP: 64/64 MP: 9/9
  3959 | D:6      | Found a burning altar of Makhleb.
  3959 | D:6      | Found a broken altar of Ashenzari.
  3959 | D:6      | Found a glowing silver altar of Zin.
  4031 | D:6      | Noticed a komodo dragon
  4037 | D:6      | Killed a komodo dragon
  4156 | D:6      | Found a sand-covered staircase.
  4166 | Ossuary  | Entered an ossuary
  4338 | Ossuary  | Reached skill level 2 in Fighting
  4567 | D:6      | Reached skill level 3 in Fighting
  4579 | D:6      | Noticed a troll
  4581 | D:6      | Killed a troll
  4582 | D:6      | Reached skill level 4 in Fighting
  4669 | D:6      | Reached **** piety under Makhleb
  4670 | D:6      | Reached skill level 5 in Fighting
  5131 | D:7      | Reached skill level 6 in Fighting
  5312 | D:7      | Reached XP level 10. HP: 84/84 MP: 10/10
  5339 | D:7      | Found an iron altar of Okawaru.
  5423 | D:7      | Reached skill level 7 in Fighting
  5856 | D:8      | Found an opulent altar of Gozag.
  6012 | D:8      | Identified the ring of Esuqung {Will+ Slay+2 SInv}
  6018 | D:8      | Found Gozag's Platinum Reserve.
  6055 | D:8      | Found a shadowy altar of Dithmenos.
  6585 | D:9      | Found a runed translucent gate.
  6587 | D:9      | Found an opulent altar of Gozag.
  6588 | D:9      | Found a runed translucent gate.
  6588 | D:9      | Found a runed translucent gate.
  6592 | D:9      | Noticed a catoblepas
  6592 | D:9      | Noticed a centaur warrior
  6592 | D:9      | Noticed Findleman's ghost (novice MiFi)
  6678 | D:9      | Reached skill level 8 in Fighting
  6718 | D:9      | Reached ***** piety under Makhleb
  6794 | D:9      | Noticed an orange crystal statue
  6910 | D:9      | Noticed a moth of wrath
  6913 | D:9      | Found a bloodstained altar of Trog.
  7059 | D:9      | Found a staircase to the Orcish Mines.
  7406 | D:10     | Entered Level 10 of the Dungeon
  7407 | D:10     | Found a staircase to the Lair.
  7423 | D:10     | Reached skill level 9 in Fighting
  7578 | D:10     | Noticed a two-headed ogre
  7623 | D:10     | Killed a two-headed ogre
  7702 | D:10     | Found a shimmering blue altar of Sif Muna.
  7737 | D:10     | Reached skill level 10 in Fighting
  8439 | D:11     | Reached XP level 11. HP: 101/101 MP: 11/11
  8493 | D:11     | Noticed jimmypageman's ghost (journeyman MiFi)
  8496 | D:11     | Found a runed translucent door.
  8574 | D:11     | Noticed a two-headed ogre
  8584 | D:11     | Killed a two-headed ogre
  8585 | D:11     | Reached skill level 11 in Fighting
  8965 | D:11     | Reached skill level 10 in Shapeshifting
  9045 | D:11     | Noticed a boulder beetle
  9061 | D:11     | Killed a boulder beetle
  9062 | D:11     | Reached skill level 12 in Fighting
  9329 | D:12     | Noticed a cyan ugly thing
  9342 | D:11     | Killed a purple ugly thing
  9526 | D:12     | Reached skill level 13 in Fighting
  9749 | D:12     | Noticed a two-headed ogre
  9750 | D:12     | Noticed a centaur warrior
  9788 | D:11     | Killed a two-headed ogre
  9844 | D:12     | Killed a centaur warrior
 10153 | D:12     | Noticed a red ugly thing
 10174 | D:12     | Reached XP level 12. HP: 55/116 MP: 12/12
 10177 | D:12     | HP: 5/116 [acid (7)]
 10178 | D:12     | Splashed by a brown ugly thing's acid

Illustrated notes

Levels and vault maps discovered:
D:1:      lightli_arrival_isolated_outpost, layout_basic,
          dreamdust_ecumenical_altar_grove
D:2:      layout_rooms
D:3:      minmay_angry_zag, layout_basic, uniq_grinder
D:4:      layout_gridville, mainiacjoe_overflow_paths, nrook_campfire,
          minivault_25
D:5:      minmay_recursive_quarters, layout_basic,
          nicolae_overflow_hidden_temple, minmay_temple_entry_hall, uniq_pikel,
          uniq_prince_ribbit1, uniq_crazy_yiuf_cottage
D:6:      layout_loops_ring, gammafunk_temple_overflow_claw,
          chequers_ossuary_entry_cave, minmay_manual_maat
D:7:      layout_basic, amcnicky_altar_gilded
D:8:      layout_basic, mainiacjoe_overflow_brackets,
          nicolae_gozag_zags_fifth_avenue
D:9:      layout_roguey, tgw_trog, orc_0_dummy, ebering_ghost_gozag,
          minmay_protected_statue
D:10:     layout_basic, mainiacjoe_overflow_small_starburst, lair_entry_dummy
D:11:     layout_long_grid, hellmonk_ghost_happy_afterlife
D:12:     regret_index_reflect_refract, layout_loops_ring
Temple:   nicolae_temple_godzebo

Skill      XL: |  1  2  3  4  5  6  7  8  9 10 11 |
---------------+----------------------------------+-----
Unarmed Combat | 4 6 8 10 | 10.4
Shapeshifting  | 4 5 6 8 9 11 | 11.0
Fighting       | 6 10 13 | 13.7
Dodging        | |  1.7

Action                     |  1- 3 |  4- 6 |  7- 9 | 10-12 || total
---------------------------+-------+-------+-------+-------++-------
  Melee: Unarmed           |    80 |    86 |   292 |   428 ||   886
         Tailslap          |     9 |    12 |    41 |    87 ||   149
         Punch             |     4 |       |     6 |       ||    10
Ability: Breathe Fire      |       |       |     9 |    13 ||    22
    Use: Potion            |       |     1 |       |       ||     1
   Stab: Sleeping          |     1 |     1 |     1 |       ||     3
 Armour: Skin              |    34 |    47 |   114 |   271 ||   466
  Dodge: Dodged            |    66 |    37 |   159 |   326 ||   588
   Form: Flux              |       |       |     1 |       ||     1
